 Dungeon Crawl Stone Soup version 0.29-a0-911-g88e6f02907 (webtiles) character file.

Game seed: 15343137927238328677

83 kae the Insei (level 4, -3/35 HPs)
             Began as a Demonspawn Monk on July 25, 2022.
             Killed by divine providence
             ... invoked by an orc priest
              (13 damage)
             ... on level 2 of the Dungeon.
             The game lasted 00:01:20 (2690 turns).

kae the Insei (Demonspawn Monk)                     Turns: 2690, Time: 00:01:21

Health: -3/35      AC:  2    Str: 11    XL:     4   Next: 22%
Magic:  4/4        EV: 13    Int: 12    God:
Gold:   114        SH:  0    Dex: 17    Spells: 3/3 levels left

rFire   . . .      SeeInvis .     - Unarmed
rCold   . . .      Faith    .   (no shield)
rNeg    . . .      Spirit   .   a - +0 robe
rPois   .          Reflect  .   (no helmet)
rElec   .          Harm     .   (no cloak)
rCorr   .          Rampage  .   (no gloves)
Will    .....                   (no boots)
Stlth   ++........              (no amulet)
HPRegen 0.11/turn               (no ring)
MPRegen 0.09/turn               (no ring)

@: no status effects
A: weakness stinger 2
a: no special abilities


You were on level 2 of the Dungeon.
You visited 1 branch of the dungeon, and saw 3 of its levels.

You collected 114 gold pieces.


Innate Abilities, Weirdness & Mutations

You have a tail ending in a sharp stinger.


   Skills:
 - Level 3.0 Fighting
 - Level 2.6 Dodging
 - Level 1.7 Stealth
 + Level 4.6 Unarmed Combat


You had 3 spell levels left.
You didn't know any spells.
Your spell library contained the following spells:

 Spells                   Type           Power      Damage    Failure   Level
 Frozen Ramparts          Ice            0%         1d2       69%         3
 Ice Form                 Ice/Tmut       0%         N/A       97%         4
 Summon Ice Beast         Ice/Summ       0%         N/A       97%         4

Inventory:

Missiles
 f - 5 stones (quivered)
Armour
 a - a +0 robe (worn)
 b - a +0 pair of gloves
   (You found it on level 1 of the Dungeon)
 c - a +0 chain mail
   (You found it on level 1 of the Dungeon)
 e - a +0 ring mail
   (You found it on level 1 of the Dungeon)
 h - a +0 robe
   (You found it on level 1 of the Dungeon)
 l - a +0 robe
   (You found it on level 2 of the Dungeon)
 n - a +0 leather armour
   (You found it on level 2 of the Dungeon)
Potions
 d - a potion of resistance {unknown}
 g - a potion of mutation {unknown}
 i - a potion of cancellation {unknown}
 k - 2 potions of flight {unknown}

Dungeon Overview and Level Annotations

Branches:
Dungeon (3/15) Zot: 15322

Altars:

...........#####......#.## #
.......#..............#.# #
..######..###.##.######.# #
..............##.# #.# #
..######..##.รท...# #.####### #
..#..............# #)......# #
..#.####..##.#.#.# #######.# #
..........##.#.#o# #.###
###.####..##.#.#@# #.##.
###.####..##.#.#.# #.##. .....โ€
....##.#.#.# #######.##โ€
#########.##.#.#.# #.......##.
#########.##...#.# #.########.
..........###..#.######.##.......
########### #..#...........######
#..########.........# #
#...............)....


You could see an orc priest.


Message History

n - a +0 leather armour
There is a stone staircase leading up here.
A hobgoblin comes into view.
A hobgoblin is nearby!
A hobgoblin is nearby!
A hobgoblin is nearby!
The helpless hobgoblin fails to defend itself.
You punch the hobgoblin!
You kill the hobgoblin!
No target in view!
You see here a hobgoblin corpse.
A ball python comes into view.
A ball python is nearby!
A ball python is nearby!
A ball python is nearby!
The ball python hisses angrily.
The ball python closely misses you. x2
You hit the ball python.
You kill the ball python!
No target in view!
Found a stone staircase leading up.
No target in view!
No target in view!
A bat comes into view.
A bat is nearby!
The bat barely misses you.
You hit the bat.
You kill the bat!
You see here a bat corpse.
Key pressed, stopping explore.
No target in view!
No target in view!
No target in view!
No target in view!
Things that are here:
a jackal skeleton; a jackal skeleton Key pressed, stopping explore.
Done exploring.
No target in view!
No target in view!
Done exploring.
No target in view!
No target in view!
Done exploring.
No target in view!
No target in view!
Done exploring.
Okay, then.
You aren't carrying any pieces of jewellery.
Unknown command.
As you read the scroll labelled HEYNWA RURRUO, it crumbles to dust.
You assume a fearsome visage.
Nothing appears to happen.
It was a scroll of fear.
Unknown command.
As you read the scroll labelled RASILEOD CUIT, it crumbles to dust.
You feel strangely unstable.
It was a scroll of teleportation.
You aren't carrying any scrolls.
Done exploring.
Done exploring.
You start waiting.
Your surroundings suddenly seem different.
(D) Dungeon
Where to? (Enter - D:2, ? - help)
There is a stone staircase leading down here.
You climb downwards.
The orc shouts!
The orc priest shouts!
Found a stone staircase leading down.
There is a stone staircase leading up here.
There are monsters nearby!
You aren't carrying any pieces of jewellery.
The orc priest misses you.
You climb upwards.
There is a stone staircase leading down here.
You closely miss the orc priest. You hit the orc priest.
The orc priest hits you with a +0 hand axe. ๐Ÿ˜• HP[-2]
You take 2 damage, and now have 33/35 hp.
You barely miss the orc priest.
You punch the orc priest, but do no damage.
The orc priest invokes the aid of Beogh against you.
Beogh smites you!
You are too injured to fight recklessly! ๐Ÿ˜ฎ HP[-10]
You take 10 damage, and now have 23/35 hp.
MASSIVE DAMAGE!! (PAUSE)
You hit the orc priest. You tail-slap the orc priest.
The orc priest misses you.
You hit the orc priest.
The orc priest invokes the aid of Beogh against you.
Beogh smites you!
* * * LOW HITPOINT WARNING * * *
๐Ÿ˜จ HP[-13]
You take 13 damage, and now have 10/35 hp.
MASSIVE DAMAGE!! (PAUSE)
You hit the orc priest but do no damage.
The orc priest invokes the aid of Beogh against you.
Beogh smites you!
You die...

Skill      XL: |  1  2  3 |
---------------+----------+-----
Unarmed Combat | 3 4 |  4.6
Fighting       | |  3.0
Dodging        | |  2.6
Stealth        | |  1.7

Action                   |  1- 3 |  4- 6 || total
-------------------------+-------+-------++-------
Melee: Unarmed           |   157 |    34 ||   191
       Tailslap          |    14 |     5 ||    19
       Punch             |     2 |     1 ||     3
  Use: Potion            |     2 |       ||     2
       Scroll            |     3 |     2 ||     5
 Stab: Sleeping          |     5 |     2 ||     7
Armor: Robe              |    25 |     4 ||    29
Dodge: Dodged            |   103 |    19 ||   122

Levels and vault maps discovered:
D:1:      minmay_arrival_three_doors, layout_loops_corners,
          shapermc_ecumenical_altar_pompeii, minmay_misc_feat_secret_circle,
          serial_park_tiny_2, minmay_unequal
D:2:      layout_loops_ring
D:3:      layout_basic, corexii_leaking_fountain, corner_web_ring, uniq_grinder,
          uniq_ijyb

Notes
Turn   | Place    | Note
-------+----------+-------------------------------------------
     0 | D:1      | kae the Demonspawn Monk began the quest for the Orb.
     0 | D:1      | Reached XP level 1. HP: 18/18 MP: 1/1
     0 | D:1      | magus.rc [v1.11.3]
   241 | D:1      | Reached skill level 3 in Unarmed Combat
   567 | D:1      | You feel monstrous as your demonic heritage exerts itself.
   567 | D:1      | Discovered your monstrous ancestry.
   567 | D:1      | Gained mutation: You have a small tail. [demonic ancestry]
   567 | D:1      | Reached XP level 2. HP: 24/24 MP: 2/2
   952 | D:1      | Found a faded altar of an unknown god.
  1047 | D:1      | Reached XP level 3. HP: 27/29 MP: 3/3
  1149 | D:1      | You pick up a book of Rime and begin reading...
  1149 | D:1      | You add the spells Frozen Ramparts, Ice Form and Summon Ice
                  | Beast to your library.
  1416 | D:2      | Reached skill level 4 in Unarmed Combat
  1515 | D:2      | HP: 7/29 [adder (1)]
  2121 | D:2      | Gained mutation: You have a tail ending in a sharp stinger.
                  | [demonic ancestry]
  2121 | D:2      | Reached XP level 4. HP: 35/35 MP: 4/4
  2690 | D:2      | Killed from afar by an orc priest

Vanquished Creatures
  2 adders (D:2)
  2 worms (D:2)
  A dart slug (D:1)
  4 endoplasms
  A giant cockroach (D:1)
  3 goblins (D:1)
  3 hobgoblins
  10 jackals (D:2)
  2 quokkas
  4 ball pythons
  7 bats
  5 frilled lizards (D:1)
  7 kobolds
  2 rats
53 creatures vanquished.

Table legend:
 A = Non-vault XP
 B = Vault XP
 C = Vault XP percentage of total XP
 D = Non-vault monster count
 E = Vault monster count
 F = Vault count percentage of total count
                 A         B        C        D         E       F
            +---------+---------+-------+---------+---------+-------
      Total |     115 |       4 |   3.4 |      49 |       4 |   7.5
            +---------+---------+-------+---------+---------+-------
        D:1 |      38 |       4 |   9.5 |      22 |       4 |  15.4
        D:2 |      77 |       0 |   0.0 |      27 |       0 |   0.0
            +---------+---------+-------+---------+---------+-------

Illustrated notes

Table legend:
 A = Kills in this place as a percentage of kills in entire the game.
 B = Kills by you in this place as a percentage of kills by you in the entire game.
 C = Kills by friends in this place as a percentage of kills by friends in the entire game.
 D = Other kills in this place as a percentage of other kills in the entire game.
 E = Experience gained in this place as a percentage of experience gained in the entire game.
 F = Experience gained in this place divided by the number of levels of this place that you have seen.
                   A       B       C       D       E      F
               +-------+-------+-------+-------+-------+----------------------
         Total | 100.0 | 100.0 |   N/A |   N/A | 100.0 |  39.7
       Dungeon | 100.0 | 100.0 |   N/A |   N/A | 100.0 |  39.7
               +-------+-------+-------+-------+-------+----------------------

Table legend: (Time is in decaauts)
 A = Elapsed time spent in this place.
 B = Non-inter-level travel time spent in this place.
 C = Inter-level travel time spent in this place.
 D = Time resting spent in this place.
 E = Time spent auto-exploring this place.
 F = Levels seen in this place.
 G = Mean time per level.
                   A        B        C        D        E       F      G
               +--------+--------+--------+--------+--------+-----+--------+
         Total |   2676 |   2608 |     68 |    301 |   1910 |   3 |  892.0 |
       Dungeon |   2676 |   2608 |     68 |    301 |   1910 |   3 |  892.0 |
               +--------+--------+--------+--------+--------+-----+--------+

Top non-repeatable levels by time:
     D:2: 1471 daAuts
     D:1: 1202 daAuts
     D:3: 1 daAuts
